 Dungeon Crawl Stone Soup version 0.28-a0-589-g333b8329f1 (webtiles) character file.

Game seed: 16025343797750993325

352841 Tinkle the Hoplite (level 21, -2/201 HPs)
             Began as a Minotaur Berserker on Sept 30, 2021.
             Was the Champion of Trog.
             Killed from afar by Aizul (35 damage)
             ... with a bolt of poison
             ... on level 4 of the Vaults on Oct 4, 2021.
             The game lasted 05:00:39 (80130 turns).

Tinkle the Hoplite (Minotaur Berserker)            Turns: 80130, Time: 05:00:42

Health: -2/201     AC: 42    Str: 29    XL:     21   Next: 32%
Magic:  20/20      EV: 15    Int:  5    God:    Trog [******]
Gold:   2322       SH: 23    Dex: 15    Spells: 20/20 levels left

rFire   + . .      SeeInvis +   a - +9 broad axe (spect)
rCold   + . .      Faith    .   V - +2 kite shield
rNeg    + . .      Spirit   .   z - +12 crystal plate armour of the Kraken {Will+ Str+4 Int-3}
rPois   .          Reflect  +   (helmet restricted)
rElec   +          Harm     .   U - +0 cloak {rC+}
rCorr   .          Rampage  .   g - +0 pair of gloves
Will    +++..                   (no boots)
Stlth   ..........              v - amulet of reflection
HPRegen 0.43/turn               c - ring "Lysmou" {rN+ Will+ Slay+3 SInv}
MPRegen 0.17/turn               e - ring of Xom's Ringing Laughter {rElec rF+ Str-4 Int+2 Dex+4}

@: lethally poisoned (-2 -> -61), marked
A: horns 2, retaliatory headbutt
}: 2/15 runes: decaying, serpentine
a: Renounce Religion, Berserk, Trog's Hand, Brothers in Arms


You were on level 4 of the Vaults.
You worshipped Trog.
Trog was exalted by your worship.
You visited 7 branches of the dungeon, and saw 38 of its levels.
You visited 1 bazaar.
You also visited: Ice Cave.

You collected 6075 gold pieces.
You spent 3753 gold pieces at shops.

Inventory:

Hand Weapons
 a - a +9 spectral broad axe (weapon)
 b - a +6 vampiric broad axe
Missiles
 l - 70 poisoned darts (quivered)
Armour
 g - a +0 pair of gloves (worn)
 o - a +5 plate armour of cold resistance
 t - a +0 pair of boots
 z - the +12 crystal plate armour of the Kraken (worn) {Will+ Str+4 Int-3}
   (You acquired it on level 1 of the Elven Halls)

   Str:       It affects your strength (+4).
   Int:       It affects your intelligence (-3).
   Will:      It increases your willpower.
 U - a +0 cloak of cold resistance (worn)
 V - a +2 kite shield (worn)
 X - a scarf of invisibility
Jewellery
 c - the ring "Lysmou" (left hand) {rN+ Will+ Slay+3 SInv}
   (You took it off a deep elf master archer on level 3 of the Elven Halls)

   [ring of willpower]

   Slay:      It affects your accuracy & damage with ranged weapons and melee
   (+3).
   rN:        It protects you from negative energy.
   SInv:      It lets you see invisible.
   Will:      It increases your willpower.
 e - the ring of Xom's Ringing Laughter (right hand) {rElec rF+ Str-4 Int+2 Dex+4}
   (You acquired it on level 9 of the Dungeon)

   [ring of protection from fire]

   Str:       It affects your strength (-4).
   Int:       It affects your intelligence (+2).
   Dex:       It affects your dexterity (+4).
   rF:        It protects you from fire.
   rElec:     It insulates you from electricity.
 u - a ring of resist corrosion
 v - an amulet of reflection (around neck)
 I - the ring of Ginofoyh {Fly rPois Dex+2 Stlth+}
   (You took it off an orc wizard on level 8 of the Dungeon)

   [ring of poison resistance]

   Dex:       It affects your dexterity (+2).
   rPois:     It protects you from poison.
   Fly:       It grants you flight.
   Stlth:     It makes you more stealthy.
 Q - the ring of the Clam {rF+ Will+ SInv}
   (You found it on level 6 of the Lair of Beasts)

   [ring of protection from fire]

   rF:        It protects you from fire.
   SInv:      It lets you see invisible.
   Will:      It increases your willpower.
 S - the ring of Uskayaw's Whim {rC+ Dex+5}
   (You found it on level 3 of the Swamp)

   [ring of protection from cold]

   Dex:       It affects your dexterity (+5).
   rC:        It protects you from cold.
Wands
 m - a wand of polymorph (11)
 p - a wand of mindburst (28)
 B - a wand of iceblast (46)
 C - a wand of flame (30)
 K - a wand of charming (11)
 L - a wand of paralysis (8)
 Y - a wand of digging (4)
Scrolls
 f - 13 scrolls of teleportation
 i - 6 scrolls of fear
 n - 4 scrolls of magic mapping
 w - 5 scrolls of blinking
 x - 3 scrolls of fog
 F - a scroll of holy word
 G - a scroll of silence
 M - 5 scrolls of enchant armour
 R - a scroll of summoning
Potions
 j - 5 potions of resistance
 r - 3 potions of haste
 s - 19 potions of curing
 A - a potion of invisibility
 D - a potion of berserk rage
 H - 7 potions of might
 N - 3 potions of ambrosia
 O - 3 potions of cancellation
 P - 5 potions of heal wounds
Miscellaneous
 d - a lightning rod (4/4)
 h - a tin of tremorstones (2/2)
 k - a box of beasts
 q - a phantom mirror
 J - a piece from Xom's chessboard (15/15)
 Z - a phial of floods


   Skills:
 - Level 20.0 Fighting
 - Level 18.0 Axes
 - Level 20.0 Armour
 - Level 20.0 Dodging
 + Level 21.1 Shields
 - Level 15.0 Evocations


You had 20 spell levels left.
You didn't know any spells.
Your spell library was empty.

Dungeon Overview and Level Annotations

Branches:
Dungeon (15/15)            Temple (0/1) D:4            Lair (6/6) D:10
  Swamp (4/4) Lair:4        Snake (4/4) Lair:4        Slime (0/5) Lair:6
    Orc (2/2) D:12            Elf (3/3) Orc:2        Vaults (4/5) D:14
  Crypt (0/3) Vaults:2     Depths (0/4) D:15          IceCv (visited)

Altars:
Cheibriados
Dithmenos
Gozag
Nemelex Xobeh
Trog
Uskayaw

Shops:
D:1 *[?**   D:4 *??*   D:5 :   D:8 (   D:9 [(   D:11 :   Orc:2 *:!(   Snake:2 =
Snake:3 (

Annotations:
Vaults:4 Aizul, Frederick


Innate Abilities, Weirdness & Mutations

You have a pair of horns on your head.
You reflexively headbutt those who attack you in melee.


Message History

You feel extremely sick.
Aizul coils herself and waves her upper body at you.
The poison arrow hits you!!
You are more poisoned.
You feel extremely sick.
You feel extremely sick.
There is an open door here.
You feel very sick.
You feel very sick.
You feel very sick.
You feel very sick.
Aizul yawns, and then pretends she didn't.
You block Aizul's attack.
You feel very sick. Aizul casts a spell at you. The bolt of poison hits you.
You are more poisoned.
You feel very sick.
Aizul coils herself and waves her upper body at you.
The bolt of poison hits you!!
You are more poisoned.
* * * LOW HITPOINT WARNING * * *
You feel extremely sick.
There is an open door here.
You feel extremely sick.
You feel very sick.
Frederick casts a spell.
Frederick summons a servant imbued with his destructive magic!
You feel very sick. Aizul casts a spell at you. The poison arrow hits you!
You are lethally poisoned!
* * * LOW HITPOINT WARNING * * *
You feel much better.
* * * LOW HITPOINT WARNING * * *
You feel extremely sick.
Aizul coils herself and waves her upper body at you.
The bolt of poison hits you!!
You are more poisoned.
You die...

######## #......#
#......# #......#
#......# #....<.#
#......# ####+####
#..@...# .....:..#
#..S...# ........#
#......#
........######'#######
........#............#
........#............#
........#............#
........'............#
........#....p@......#


You could see Aizul.

Vanquished Creatures
  Mara (Swamp:4)
  Saint Roka (Orc:1)
  Xtahua (Vaults:3)
  Vashnia (Snake:2)
  Nikola (Snake:1)
  Jorgrun (D:13)
  2 quicksilver dragons (Snake:4)
  Mlioglotl (Snake:1)
  Frances (D:14)
  3 deep elf blademasters
  2 deep elf master archers (Elf:3)
  Asterion (Vaults:3)
  An ancient champion (Vaults:2)
  A thorn hunter (Swamp:4)
  Agnes (Snake:1)
  Kirke (D:15)
  A fenstrider witch (Swamp:2)
  2 nagarajas (Snake:2)
  4 deep elf sorcerers (Elf:3)
  3 vault wardens
  Louise (Swamp:4)
  An orc warlord (Orc:1)
  11 ironbound preservers
  2 deep elf elementalists (Elf:3)
  The ghost of Hailok the Impaler, a journeyman MfGl of the Shining One (Lair:2)
  A quicksilver ooze (shapeshifter) (D:8)
  6 deep elf demonologists
  A white draconian (IceCv)
  3 deep elf annihilators (Elf:3)
  3 bunyips
  Snorg (D:12)
  Azrael (Snake:2)
  4 dire elephants
  An eidolon (Vaults:2)
  A fire dragon (D:15)
  An ettin (D:15)
  6 eleionomae
  2 deep elf high priests (Elf:3)
  Josephine (D:11)
  7 deep elf death magi
  2 crystal guardians (Vaults:3)
  6 yaktaur captains
  2 shambling mangroves
  6 vault guards
  3 great orbs of eyes
  Fannar (Orc:1)
  19 hydras
  2 boulder beetles
  The ghost of swinepaste the Nimble, a journeyman SpAK of Lugonu (Lair:5)
  3 ironbound thunderhulks
  3 ice dragons (Swamp:4)
  A peacekeeper (Vaults:3)
  14 naga warriors
  The ghost of jasper the Carver, a journeyman DgWr (D:11)
  7 salamander tyrants
  7 ironbound frosthearts
  2 ogre magi (Orc:2)
  12 anacondas
  15 centaur warriors
  A merfolk avatar (Lair:6)
  30 dancing weapons
  12 alligators
  17 two-headed ogres
  5 tengu warriors
  14 naga sharpshooters
  8 death yaks (Lair:6)
  A vampire mage (Vaults:2)
  Urug (Lair:2)
  An orc high priest (Orc:1)
  9 shock serpents
  A sixfirhy (Elf:1)
  22 deep elf knights
  3 salamander mystics
  2 goliath frogs (Swamp:1)
  40 deep trolls
  14 deep elf archers
  5 naga ritualists
  5 swamp dragons
  2 spriggan druids (Swamp:3)
  3 bog bodies
  A phantasmal warrior (Vaults:1)
  7 wizards
  15 lindwurms
  4 necromancers
  12 ironbound convokers
  2 orc knights (Orc:2)
  31 deep elf pyromancers
  14 harpies
  4 will-o-the-wisps
  30 deep elf zephyrmancers
  11 mana vipers
  4 manticores
  21 salamanders
  2 orc sorcerers
  6 cyclopes
  27 elephants
  A moth of wrath (Lair:5)
  44 black mambas
  26 ugly things
  A black mamba (shapeshifter) (Elf:3)
  2 ice statues (IceCv)
  20 naga magi
  6 vault sentinels
  A gargoyle (D:13)
  6 guardian serpents
  3 orange demons (Elf:2)
  13 cane toads
  3 komodo dragons
  13 yaktaurs
  5 freezing wraiths
  3 efreet
  7 tengu conjurers
  8 rime drakes
  2 ice devils (D:11)
  10 tyrant leeches
  19 trolls
  A wind drake (Lair:6)
  4 polar bears
  3 meliai (D:15)
  A hornet (shapeshifter) (D:15)
  25 slime creatures
  A blink frog (Lair:6)
  11 dream sheep (Lair:6)
  7 hornets
  2 raiju (Elf:1)
  A ynoxinul (D:11)
  2 air elementals (Elf:2)
  A water elemental (Elf:3)
  11 spriggans
  4 basilisks
  5 wraiths
  7 wyverns
  2 fire elementals (Snake:2)
  A human (shapeshifter) (Elf:1)
  Grum (D:9)
  2 vampires
  7 hogs
  48 yaks
  21 humans (D:14)
  2 steam dragons
  Menkaure (D:7)
  4 swamp worm simulacra (Swamp:4)
  12 vampire mosquitoes
  3 wargs
  47 nagas
  12 swamp worms
  An acid dragon (D:8)
  14 hydra simulacra
  11 water moccasins
  2 hell hounds (Snake:2)
  4 swamp drakes
  3 ice beasts
  2 black bears (D:5)
  20 orc warriors
  A necrophage (D:5)
  2 sky beasts (D:7)
  10 wolves
  2 centaurs
  29 ogres
  5 kobold brigands
  15 bullfrogs
  6 gnoll sergeants
  3 earth elementals
  6 scorpions
  3 water moccasin skeletons
  2 elephant simulacra (Lair:2)
  2 lindwurm simulacra (IceCv)
  6 killer bees (D:10)
  3 wights (D:9)
  6 jellies
  6 howler monkeys
  3 centaur zombies
  A bullfrog zombie (D:4)
  5 komodo dragon simulacra (IceCv)
  3 centaur skeletons
  7 orc priests
  A hound (D:6)
  A water moccasin simulacrum (Lair:2)
  2 iguanas
  18 orc wizards
  7 hell rats (Lair:4)
  A yak simulacrum (Lair:2)
  A polar bear simulacrum (Lair:2)
  25 gnolls
  8 acid dragon simulacra (IceCv)
  6 adders
  A white imp (D:7)
  6 steam dragon simulacra (IceCv)
  4 swamp drake simulacra (Swamp:4)
  An adder skeleton (D:4)
  2 worms (D:2)
  3 dart slugs
  63 orcs
  7 ball pythons
  8 endoplasms
  3 giant cockroaches
  14 goblins
  4 hobgoblins
  4 jackals (D:2)
  2 quokkas
  5 bats
  A frilled lizard (D:1)
  12 kobolds
  5 rats
1419 creatures vanquished.

Vanquished Creatures (collateral kills)
  2 vault wardens (Vaults:1)
  2 dire elephants
  A centaur warrior (Vaults:1)
  A deep elf knight (Elf:1)
  A deep elf archer (Elf:1)
  2 yaktaurs (Vaults:1)
9 creatures vanquished.

Vanquished Creatures (others)
  A fenstrider witch (Swamp:1)
  A goliath frog (Swamp:1)
  A wizard (Vaults:2)
  3 deep elf zephyrmancers (Elf:1)
  A deep elf pyromancer (Elf:2)
  A yaktaur (Vaults:2)
  A bloated husk (Swamp:1)
  26 foxfires
  70 fungi
  75 plants
180 creatures vanquished.

Grand Total: 1608 creatures vanquished

Notes
Turn   | Place    | Note
-------+----------+-------------------------------------------
     0 | D:1      | Tinkle the Minotaur Berserker began the quest for the Orb.
     0 | D:1      | Reached XP level 1. HP: 19/19 MP: 0/0
    63 | D:1      | Found Nuahe's Assorted Antiques.
   108 | D:1      | Bought a scroll labelled PUYBBY BAULIO for 29 gold pieces
   269 | D:1      | Found Usmia's Assorted Antiques.
   293 | D:1      | Found a faded altar of an unknown god.
   313 | D:1      | Reached XP level 2. HP: 27/27 MP: 1/1
   402 | D:1      | Found Loda's General Store.
   650 | D:1      | Reached XP level 3. HP: 22/34 MP: 2/2
   796 | D:1      | Found Woyd's Magic Scroll Boutique.
   942 | D:1      | Found Vionna Biese's Antique Armour Shoppe.
  2058 | D:2      | Reached XP level 4. HP: 28/41 MP: 3/3
  2183 | D:2      | You fall into a shaft and drop 1 floor!
  2188 | D:3      | Reached skill level 5 in Axes
  2190 | D:3      | Reached ** piety under Trog
  2202 | D:3      | Reached skill level 5 in Fighting
  3426 | D:1      | Bought a scroll of identify for 20 gold pieces
  3467 | D:1      | Bought a scroll labelled OBOVIKHLISA for 20 gold pieces
  3467 | D:1      | Bought a scroll labelled LOGAV COUWN for 20 gold pieces
  3467 | D:1      | Bought a scroll labelled MUNUNU RONWA for 20 gold pieces
  3467 | D:1      | Bought a scroll labelled UPLUSH SOBE for 20 gold pieces
  3570 | D:4      | Found Vaesymei's Magic Scroll Shop.
  3572 | D:4      | Found Linot's General Store.
  3573 | D:4      | Found Vydog's Assorted Antiques.
  3580 | D:4      | Found Nitit's Magic Scroll Shop.
  3649 | D:4      | Reached XP level 5. HP: 48/48 MP: 4/4
  3995 | D:4      | Noticed an ice beast
  4270 | D:4      | Reached XP level 6. HP: 48/56 MP: 5/5
  4454 | D:4      | Found a staircase to the Ecumenical Temple.
  4841 | D:3      | Killed an ice beast
  5229 | D:4      | Bought a scroll labelled OCON UL NAJOUG for 18 gold pieces
  5229 | D:4      | Bought a scroll labelled LOGAV COUWN for 18 gold pieces
  5242 | D:5      | Entered Level 5 of the Dungeon
  5305 | D:5      | Reached XP level 7. HP: 56/61 MP: 6/6
  5510 | D:5      | Reached skill level 10 in Axes
  5606 | D:5      | Reached *** piety under Trog
  6070 | D:5      | Reached XP level 8. HP: 66/68 MP: 7/7
  6143 | D:5      | Found Leroch's Book Emporium.
  7133 | D:4      | Bought a scroll labelled QUUREO CURGHAVA for 18 gold pieces
  7133 | D:4      | Bought a scroll labelled UPLUSH SOBE for 18 gold pieces
  7133 | D:4      | Bought a scroll labelled UPLUSH SOBE for 18 gold pieces
  7697 | D:1      | Bought a grey potion for 18 gold pieces
  7697 | D:1      | Bought a dark potion for 18 gold pieces
  7697 | D:1      | Bought a silvery potion for 18 gold pieces
  8592 | D:7      | Noticed Menkaure
  8601 | D:7      | Killed Menkaure
  8784 | D:7      | Reached skill level 1 in Shields
  9052 | D:7      | Reached skill level 2 in Shields
  9052 | D:7      | Reached XP level 9. HP: 65/74 MP: 8/8
  9564 | D:8      | Reached skill level 3 in Shields
  9742 | D:8      | Reached skill level 4 in Shields
 10000 | D:8      | Noticed a troll
 10011 | D:8      | Killed a troll
 10023 | D:9      | Found Xoiroh's Antique Weapon Boutique.
 10585 | D:9      | Found Eru Muorgh's Armour Shoppe.
 10601 | D:9      | Noticed a troll
 10617 | D:9      | Killed a troll
 10708 | D:9      | Found a flagged portal.
 10850 | D:8      | Reached **** piety under Trog
 11771 | D:8      | Reached skill level 10 in Fighting
 11778 | D:8      | Reached XP level 10. HP: 39/93 MP: 9/9
 11793 | D:8      | Reached skill level 1 in Evocations
 12160 | D:8      | Identified the amulet "Zyxurut" {RegenMP rC- Dex+5 Stlth+}
 12176 | D:8      | Identified the ring of Ginofoyh {Fly rPois Dex+2 Stlth+}
 12274 | D:8      | Found a sparkling altar of Nemelex Xobeh.
 12276 | D:8      | Found a hide-covered altar of Uskayaw.
 12276 | D:8      | Found a shadowy altar of Dithmenos.
 12276 | D:8      | Found an opulent altar of Gozag.
 12412 | D:8      | Reached skill level 5 in Shields
 12419 | D:8      | Noticed a two-headed ogre
 13131 | D:1      | Bought a ruby potion for 26 gold pieces
 13131 | D:1      | Bought a dark potion for 26 gold pieces
 13131 | D:1      | Bought a coppery potion for 26 gold pieces
 13642 | D:1      | Identified a scroll of acquirement
 13642 | D:1      | Acquired 602 gold pieces
 13696 | D:1      | Bought a runed plate armour for 598 gold pieces
 14178 | D:7      | Killed a two-headed ogre
 14883 | D:8      | Noticed an emperor scorpion
 15519 | D:9      | Noticed Grum
 15528 | D:9      | Reached skill level 5 in Armour
 15529 | D:9      | Reached skill level 6 in Shields
 15536 | D:9      | Killed Grum
 15839 | D:8      | Noticed a catoblepas
 15843 | D:8      | Noticed a quicksilver ooze
 15856 | D:8      | Killed a quicksilver ooze
 16259 | D:8      | Found Orasosooka's Antique Weapon Shop.
 16267 | D:8      | Found a snail-covered altar of Cheibriados.
 16344 | D:10     | Entered Level 10 of the Dungeon
 16492 | D:10     | Reached skill level 7 in Shields
 16492 | D:10     | Reached XP level 11. HP: 85/99 MP: 10/10
 16593 | D:9      | Acquired the ring of Xom's Ringing Laughter {rElec rF+
                  | Str-4 Int+2 Dex+4}
 16595 | D:9      | Acquired 667 gold pieces
 16655 | D:9      | Bought a runed broad axe for 147 gold pieces
 16728 | D:4      | Bought a glowing opal ring for 90 gold pieces
 16836 | D:1      | Bought a square fluorescent amulet for 100 gold pieces
 16876 | D:1      | Bought an amulet of reflection for 300 gold pieces
 17082 | D:10     | Found a staircase to the Lair.
 17575 | Lair:1   | Entered Level 1 of the Lair of Beasts
 17654 | Lair:1   | Reached skill level 15 in Axes
 17866 | Lair:1   | Reached skill level 5 in Evocations
 17872 | Lair:1   | Reached skill level 8 in Shields
 18608 | Lair:2   | Noticed an eight-headed hydra
 18624 | Lair:2   | Killed a four-headed hydra
 18701 | Lair:2   | Reached skill level 9 in Shields
 18878 | Lair:2   | Found a runed translucent gate.
 18878 | Lair:2   | Found a runed translucent gate.
 18878 | Lair:2   | Found a runed translucent gate.
 19147 | Lair:2   | Noticed Urug
 19158 | Lair:2   | Killed Urug
 19159 | Lair:2   | Reached XP level 12. HP: 63/106 MP: 11/11
 19585 | Lair:2   | Reached skill level 10 in Shields
 19860 | Lair:2   | Noticed Hailok's ghost (journeyman MfGl)
 20123 | Lair:3   | Noticed a five-headed hydra
 20137 | Lair:3   | Killed a two-headed hydra
 20138 | Lair:3   | Reached skill level 10 in Armour
 20217 | Lair:3   | Noticed a four-headed hydra
 20229 | Lair:3   | Killed a one-headed hydra
 20230 | Lair:3   | Reached skill level 11 in Shields
 20681 | Lair:4   | Found a staircase to the Snake Pit.
 20810 | Lair:4   | Found a staircase to the Swamp.
 20843 | Lair:4   | Reached skill level 12 in Shields
 20845 | Lair:4   | Reached ***** piety under Trog
 20978 | Lair:4   | Reached skill level 13 in Shields
 21309 | Lair:5   | Noticed a five-headed hydra
 21319 | Lair:5   | Killed a two-headed hydra
 21498 | Lair:5   | Reached skill level 14 in Shields
 21505 | Lair:5   | Noticed a four-headed hydra
 21522 | Lair:5   | Killed a one-headed hydra
 21523 | Lair:5   | Reached XP level 13. HP: 41/116 MP: 12/12
 21968 | Lair:5   | Noticed a dire elephant
 22073 | Lair:5   | Received a gift from Trog
 22209 | Lair:5   | Found a transporter.
 22376 | Lair:5   | You are sucked into a shaft and drop 1 floor!
 22376 | Lair:6   | Entered Level 6 of the Lair of Beasts
 22608 | Lair:5   | Reached skill level 15 in Shields
 22662 | Lair:5   | Found a transporter.
 22667 | Lair:5   | Found a bloodstained altar of Trog.
 22673 | Lair:5   | Noticed swinepaste's ghost (journeyman SpAK)
 23354 | Lair:5   | Found a transporter.
 23391 | Lair:5   | Killed a dire elephant
 23934 | Lair:5   | Found a bloodstained altar of Trog.
 23935 | Lair:5   | Found a transporter.
 24130 | Lair:6   | Found a staircase to the Slime Pits.
 24260 | Lair:6   | Found a shadowy altar of Dithmenos.
 24369 | Lair:6   | Noticed a dire elephant
 24402 | Lair:6   | Killed a dire elephant
 24650 | Lair:6   | Reached XP level 14. HP: 74/133 MP: 13/13
 25042 | Lair:6   | Reached skill level 15 in Fighting
 25119 | Lair:6   | Received a gift from Trog
 25384 | Lair:6   | Identified the ring of the Clam {rF+ Will+ SInv}
 26443 | Lair:6   | Identified the +8 halberd of the Jester {drain, rC+}
 27056 | D:1      | Bought a scroll of identify for 24 gold pieces
 27056 | D:1      | Bought a scroll of identify for 24 gold pieces
 27058 | D:1      | Bought a scroll of identify for 24 gold pieces
 27058 | D:1      | Bought a scroll of identify for 24 gold pieces
 27058 | D:1      | Bought a scroll of identify for 24 gold pieces
 27058 | D:1      | Bought a scroll of identify for 24 gold pieces
 27176 | D:4      | Bought a scroll of enchant weapon for 105 gold pieces
 27176 | D:4      | Bought a scroll of enchant weapon for 105 gold pieces
 27288 | D:1      | Bought a scroll of brand weapon for 240 gold pieces
 27808 | D:11     | Found a frozen archway.
 27825 | IceCv    | Entered an ice cave
 29047 | D:11     | Noticed jasper's ghost (journeyman DgWr)
 29058 | D:11     | Found a runed translucent door.
 29246 | D:11     | Noticed Josephine
 29268 | D:11     | Killed Josephine
 29269 | D:11     | Reached skill level 5 in Dodging
 29563 | D:11     | Found Cuidol's Book Boutique.
 29723 | D:11     | Killed jasper's ghost
 29782 | D:12     | Noticed Snorg
 31036 | D:12     | Killed Snorg
 31614 | D:12     | You fall into a shaft and drop 1 floor!
 31614 | D:13     | Noticed Jorgrun
 31655 | D:13     | Reached skill level 10 in Evocations
 31813 | D:13     | Killed Jorgrun
 32819 | D:12     | Found a staircase to the Orcish Mines.
 33396 | Snake:1  | Entered Level 1 of the Snake Pit
 33558 | Snake:1  | Reached XP level 15. HP: 117/141 MP: 14/14
 34600 | Snake:1  | Noticed Agnes
 34626 | Snake:1  | Killed Agnes
 34627 | Snake:1  | Reached skill level 10 in Dodging
 35147 | Snake:1  | Noticed Nikola
 35181 | Snake:1  | Killed Nikola
 36955 | Snake:2  | Noticed Mlioglotl
 36959 | Snake:1  | Noticed a lich
 36962 | Snake:1  | Killed Mlioglotl
 37519 | Snake:2  | Noticed Vashnia
 38879 | Snake:2  | Killed Vashnia
 38897 | Snake:2  | Received a gift from Trog
 38933 | Snake:2  | Found the +7 mace of Variability {chain chaos}
 39152 | Snake:2  | Noticed a nagaraja
 39164 | Snake:2  | Killed a nagaraja
 39170 | Snake:2  | Noticed Azrael
 39375 | Snake:2  | Reached XP level 16. HP: 123/149 MP: 15/15
 39394 | Snake:2  | Found Iduqare's Jewellery Emporium.
 41011 | Snake:3  | Found a snail-covered altar of Cheibriados.
 42334 | Snake:3  | Found Reynakk's Antique Weapon Shoppe.
 42340 | Snake:3  | Bought a glowing broad axe for 224 gold pieces
 42818 | Snake:2  | Killed Azrael
 43074 | Snake:4  | Entered Level 4 of the Snake Pit
 43089 | Snake:4  | Reached ****** piety under Trog
 43242 | Snake:4  | Received a gift from Trog
 47293 | Snake:4  | Reached XP level 17. HP: 137/156 MP: 16/16
 47515 | Snake:4  | Noticed a quicksilver dragon
 47515 | Snake:4  | Noticed a quicksilver dragon
 47527 | Snake:4  | Killed a quicksilver dragon
 47722 | Snake:4  | Got a serpentine rune of Zot
 47835 | Snake:4  | Killed a quicksilver dragon
 48520 | D:1      | Bought a box of beasts for 400 gold pieces
 48804 | Swamp:1  | Entered Level 1 of the Swamp
 49887 | D:4      | Bought a scroll of blinking for 105 gold pieces
 50247 | Swamp:1  | You are sucked into a shaft and drop 1 floor!
 50835 | Swamp:2  | Received a gift from Trog
 51451 | Swamp:2  | Reached skill level 15 in Armour
 52394 | Swamp:3  | Identified the +9 arbalest "Hydrabane" {penet, Int+5}
 52712 | Swamp:3  | Identified the ring of Uskayaw's Whim {rC+ Dex+5}
 52932 | Swamp:4  | Entered Level 4 of the Swamp
 53069 | Swamp:4  | Noticed Mara
 53080 | Swamp:4  | Noticed Tinkle's illusion
 53089 | Swamp:4  | Killed Mara
 53090 | Swamp:4  | Reached skill level 15 in Dodging
 53585 | Swamp:4  | Noticed Louise
 53593 | Swamp:3  | Identified the +8 hand axe of Trog's Favour {vorpal, rElec
                  | Dex+3} (Trog gifted it to you on level 3 of the Swamp)
 53593 | Swamp:3  | Received a gift from Trog
 54092 | Swamp:4  | Killed Louise
 55086 | Swamp:4  | Got a decaying rune of Zot
 55507 | D:10     | Upgraded the game from 0.28-a0-563-gf77a47075d to
                  | 0.28-a0-580-ga2639ab843
 56493 | D:14     | Reached skill level 15 in Evocations
 56602 | D:14     | Received a gift from Trog
 56603 | D:14     | Reached XP level 18. HP: 165/165 MP: 17/17
 56826 | D:14     | Found a gate to the Vaults.
 56956 | D:14     | Noticed Frances
 56978 | D:14     | Killed Frances
 57224 | D:15     | Entered Level 15 of the Dungeon
 57242 | D:15     | Noticed Kirke
 57616 | D:15     | Killed Kirke
 58076 | D:15     | Found a snail-covered altar of Cheibriados.
 58101 | D:15     | Found a staircase to the Depths.
 58235 | D:15     | Identified the +8 trident "Seemp" {vorpal, rF+ Will+ Int+4}
 58316 | Orc:1    | Entered Level 1 of the Orcish Mines
 58435 | Orc:1    | Noticed Fannar
 58455 | Orc:1    | Killed Fannar
 59041 | Orc:2    | Entered Level 2 of the Orcish Mines
 59041 | Orc:2    | Found Koheifod's Book Boutique.
 59042 | Orc:2    | Received a gift from Trog
 59201 | Orc:2    | Noticed Saint Roka
 59378 | Orc:2    | Found a staircase to the Elven Halls.
 59914 | Orc:2    | Found Ureihoa's Antique Weapon Emporium.
 60122 | Orc:1    | Killed Saint Roka
 60601 | Orc:2    | Found Aceret's General Store.
 60602 | Orc:2    | Found Fiafol's Distillery.
 60610 | Orc:2    | Bought 2 potions of heal wounds for 150 gold pieces
 60610 | Orc:2    | Bought 2 potions of curing for 90 gold pieces
 60615 | Orc:2    | Bought a scroll of enchant weapon for 105 gold pieces
 61533 | Lair:2   | Received a gift from Trog
 61560 | Lair:2   | Killed Hailok's ghost
 61815 | Lair:5   | Killed swinepaste's ghost
 62142 | Elf:1    | Entered Level 1 of the Elven Halls
 62488 | Elf:1    | Found a flickering gateway to a bazaar.
 62494 | Bazaar   | Entered a bazaar
 62546 | Bazaar   | Found Ymuudoac's Antique Armour Shop.
 62570 | Bazaar   | Found Enkigige's Jewellery Shop.
 62578 | Bazaar   | Bought the ring "Yshioh" {rN+ Str+3} for 499 gold pieces
 63113 | Elf:1    | Found the +8 arc blade {discharge, rElec}
 63208 | Elf:1    | Acquired the +12 crystal plate armour of the Kraken {Will+
                  | Str+4 Int-3}
 63284 | Elf:1    | Reached XP level 19. HP: 168/177 MP: 18/18
 63284 | Elf:1    | Received a gift from Trog
 65123 | Elf:2    | Acquired a scarf of invisibility
 65195 | Elf:2    | Received a gift from Trog
 65860 | Elf:2    | Found a runed translucent gate.
 65861 | Elf:2    | Found a runed translucent gate.
 65861 | Elf:2    | Found a runed translucent gate.
 66855 | Elf:3    | Entered Level 3 of the Elven Halls
 66896 | Elf:3    | Received a gift from Trog
 67508 | Elf:3    | Identified the ring "Tonoascho" {rF- AC+4 Str-3 Int+6
                  | Dex+8}
 68211 | Elf:3    | Identified the +1 plate armour "Imeraej" {Will+ Str+5}
 68231 | Elf:3    | Received a gift from Trog
 68954 | Elf:3    | Identified the +1 leather armour of Analysis {rElec Slay+3}
 69617 | Elf:3    | Identified the ring "Uqutarpho" {Wiz SInv}
 69628 | Elf:3    | Identified the ring "Lysmou" {rN+ Will+ Slay+3 SInv}
 71566 | Elf:3    | Identified the +6 mace of Dithmenos's Grace {venom, *Slow
                  | rElec Str+4 Dex+5}
 71572 | Elf:3    | Reached XP level 20. HP: 167/171 MP: 19/19
 72854 | Vaults:1 | Entered Level 1 of the Vaults
 73081 | Vaults:1 | Received a gift from Trog
 73178 | Vaults:1 | You fall into a shaft and drop 1 floor!
 75652 | Vaults:2 | Found a staircase to the Crypt.
 76163 | Vaults:2 | Reached skill level 16 in Shields
 76164 | Vaults:2 | Received a gift from Trog
 76602 | Vaults:2 | Reached skill level 17 in Shields
 76872 | Vaults:2 | Upgraded the game from 0.28-a0-580-ga2639ab843 to
                  | 0.28-a0-589-g333b8329f1
 76901 | Vaults:3 | Reached skill level 18 in Shields
 77928 | Vaults:3 | Reached XP level 21. HP: 201/201 MP: 20/20
 77945 | Vaults:3 | Noticed Asterion
 77956 | Vaults:3 | Reached skill level 19 in Shields
 77962 | Vaults:3 | Killed Asterion
 78482 | Vaults:3 | Noticed Xtahua
 78485 | Vaults:3 | Reached skill level 20 in Shields
 78506 | Vaults:3 | Killed Xtahua
 78684 | Vaults:3 | Received a gift from Trog
 79014 | Vaults:3 | Reached skill level 21 in Shields
 80101 | Vaults:4 | Noticed Frederick
 80105 | Vaults:4 | Noticed Aizul
 80130 | Vaults:4 | Killed from afar by Aizul

Illustrated notes

Levels and vault maps discovered:
D:1:      amcnicky_arrival_gap_in_the_tavern_cellar, layout_basic, serial_shops,
          shop, shop, nicolae_square_shop, nicolae_shop_crystal, shop,
          ebering_ecumenical_altar_sacrificial
D:2:      layout_loops_ring, kennysheep_generic_room_5
D:3:      layout_basic, roderic_roman_lattice, minmay_checkerbox
D:4:      layout_basic, minmay_temple_entry_fiery, minmay_shop_grid_forest,
          minmay_misc_feat_tower, sigmund_army
D:5:      layout_basic, serial_shops, shop, nicolae_ossuary_entry_plus,
          grunt_ministairs_15
D:6:      layout_basic, uniq_blork_the_orc
D:7:      layout_rooms, serial_glass, glass_columns_b, glass_columns_c,
          feat_on_display, chequers_serial_rivers_room_b, minmay_puff,
          uniq_menkaure
D:8:      minmay_the_grid_octo_2x2 [minmay_the_grid_octo_shrine,
          minmay_the_grid_octo_tetromino_candy, minmay_the_grid_octo_checkered,
          minmay_the_grid_octo_prize_ultimate_mussel_roller], layout_loops_ring,
          mainiacjoe_overflow_alcove_2, serial_shops, shop
D:9:      layout_loops_cross, enter_bailey_3, serial_shops, shop,
          nicolae_shop_trees, uniq_grum
D:10:     layout_big_octagon, erik_lair_orcish_takeover, hex_medium
D:11:     layout_cave_pools, hellmonk_ghost_big_iron,
          portal_ice_cave_demonic_guard, serial_shops,
          nicolae_shop_competitors_out_of_business, uniq_josephine
D:12:     layout_layer_cave, kennysheep_orc_monster_closet_entryway, uniq_snorg
D:13:     layout_rooms, uniq_jorgrun
D:14:     layout_small_grid, grunt_vaults_entry_tiered, grunt_decor_fettered,
          drop_trap, onia_ninara_dug_in_and_dangerous, uniq_frances
D:15:     hangedman_depths_entry_civil_slaughter, layout_rooms,
          minmay_misc_feat_ornament, cheibriados_altar_1, uniq_kirke
Lair:1:   layout_roguey
Lair:2:   layout_layer_cave, gammafunk_ghost_icy, uniq_urug
Lair:3:   layout_big_grid
Lair:4:   layout_roguey, swamp_mist, dummy_snake_entry,
          grunt_forest_small_clearings
Lair:5:   mu_elephants_graveyard, layout_gridlike,
          gammafunk_ghost_wrathful_warriors, chequers_serial_rivers_marsh,
          chequers_serial_rivers_micro_a, st_stairs_4, serial_bayou_shore_b
Lair:6:   gammafunk_lair_ancient_temple, layout_regular_city,
          nicolae_slime_entry_slimehenge, basic_altar, minmay_lindwurm_lava
Swamp:1:  layout_basic_swamp, nicolae_swamp_orc_logging_accident
Swamp:2:  layout_falls_marsh, evilmike_swamp_ruin_house_4,
          wheals_swamp_sinkhole, swamp_pool5, cheibrodos_swamp_witchery,
          infiniplex_staircase_pool
Swamp:3:  layout_basic_swamp, hangedman_swamp_ruin_wall, swamp_pool1
Swamp:4:  swamp_icy, layout_basic_swamp, swamp_pool1, kb_tengu_band,
          uniq_louise, uniq_mara
Snake:1:  layout_gridlike, uniq_agnes, uniq_nikola
Snake:2:  layout_onion, serial_shops, nicolae_take_the_stairs,
          nicolae_snake_serpentine_hallways, grunt_megastairs_5, uniq_azrael,
          uniq_vashnia, uniq_mlioglotl
Snake:3:  layout_concentric_octagons, serial_shops, shop_statue, basic_altar
Snake:4:  hellmonk_snake_rune_quicksilver_temple, layout_cave_town
Orc:1:    layout_diamond_mine, elf_legates, uniq_fannar
Orc:2:    st_orc_open, layout_caves, uniq_saint_roka
Elf:1:    minmay_shoctagon, layout_gridlike, serial_shops, bzr_entry_safe,
          hangedman_elven_crosses_minicolossus
Elf:2:    nicolae_elf_blades_crystal_corner, layout_loops_corners, st_stairs_3,
          einodemon_barbed_minivault
Elf:3:    elf_hall_gauntlet_wide, layout_rooms
Vaults:1: vaults_dpeg_encased_lava, grunt_vaults_diagonal,
          vaults_room_semicircle, nicolae_vaults_little_squares_4,
          grunt_vaults_funnel, nicolae_vaults_border_crossing, v_misc_17,
          ontoclasm_vaults_chip, vaults_dpeg_hooks, layout_vaults_omnigrid
Vaults:2: vaults_room_ringed_pool, nicolae_vaults_theta, vaults_mumra_hex,
          v_pattern_1, hangedman_vaults_snaps, hangedman_vaults_unwind,
          vaults_standard_mumra_enter_the_diamond, ontoclasm_vaults_shuriken,
          minmay_crypt_entry_simple_corners, nicolae_vaults_specimen_jars,
          vaults_room_guarded_vault, nicolae_vaults_little_squares_4, v_misc_19,
          vaults_room_hallway, layout_vaults_ring
Vaults:3: v_misc_23, hangedman_vaults_stream, ontoclasm_vaults_gateway,
          v_misc_13, vaults_room_large_hall, ontoclasm_vaults_pinch, v_misc_14,
          nicolae_vaults_network_quinsquares
          [nicolae_vaults_network_quincunx_subvault,
          nicolae_vaults_network_quincunx_subvault,
          nicolae_vaults_network_quincunx_subvault,
          nicolae_vaults_network_quincunx_subvault], ontoclasm_vaults_hangar,
          v_pattern_4, nicolae_vaults_asterisk, ontoclasm_vaults_eye,
          nicolae_vaults_what_the_h, nicolae_vaults_alarming,
          layout_vaults_big_room, uniq_asterion, uniq_xtahua
Vaults:4: ploomutoo_gammafunk_vaults_ghost_potion_laboratory,
          nicolae_vaults_network_periphery, nicolae_vaults_network_quincunx
          [nicolae_vaults_network_quincunx_subvault,
          nicolae_vaults_network_quincunx_subvault,
          nicolae_vaults_network_quincunx_subvault,
          nicolae_vaults_network_quincunx_subvault,
          nicolae_vaults_network_quincunx_subvault],
          hangedman_vaults_corner_blocks, ontoclasm_vaults_ring_small,
          st_spiral_rooms, hangedman_vaults_trim, v_alt_pattern_6,
          ontoclasm_vaults_chip, v_rooms_6, vaults_dpeg_cross, v_misc_13,
          v_misc_8, layout_vaults_maze_bifur, uniq_sojobo, uniq_frederick,
          uniq_aizul

Skill      XL: |  1  2  3  4  5  6  7  8  9 10 11 12 13 14 15 16 17 18 19 20 21 |
---------------+----------------------------------------------------------------+-----
Fighting       | 4 5 10 11 14 15 17 19 20 | 20.0
Axes           | 4 6 7 9 11 13 14 16 18 | 18.0
Shields        | 2 4 7 9 14 15 18 21 | 21.1
Armour         | 6 9 10 11 14 15 17 18 20 | 20.0
Evocations     | 4 5 7 10 12 15 | 15.0
Dodging        | 9 11 13 15 16 18 20 | 20.0

Action                   |  1- 3 |  4- 6 |  7- 9 | 10-12 | 13-15 | 16-18 | 19-21 || total
-------------------------+-------+-------+-------+-------+-------+-------+-------++-------
Melee: Hand axe          |    87 |   110 |   303 |    37 |       |       |       ||   537
       Headbutt          |    12 |    24 |    74 |   108 |   214 |   288 |   305 ||  1025
       War axe           |       |       |       |   247 |    90 |    61 |       ||   398
       Broad axe         |       |       |       |   105 |   644 |  1026 |   939 ||  2714
Throw: Dart              |     5 |    16 |    23 |    27 |    33 |    18 |     4 ||   126
Invok: Berserk           |       |     1 |     6 |     8 |    10 |     2 |       ||    27
       Trog's Hand       |       |       |     4 |     2 |     5 |     3 |     2 ||    16
       Brothers in Arms  |       |       |       |       |     1 |       |       ||     1
Evoke: Wand              |       |       |     1 |     2 |     9 |     7 |     1 ||    20
       Tin of tremorston |       |       |       |       |     1 |     2 |     1 ||     4
       Box of beasts     |       |       |       |       |       |     1 |     1 ||     2
  Use: Scroll            |       |       |     2 |    31 |    11 |    12 |    11 ||    67
       Potion            |       |       |       |     1 |       |     2 |     1 ||     4
 Stab: Distracted        |       |       |       |     2 |    18 |    18 |    20 ||    58
Armor: Animal skin       |    10 |       |       |       |       |       |       ||    10
       Leather armour    |     2 |    11 |       |       |       |       |       ||    13
       Scale mail        |       |    28 |    54 |       |       |       |       ||    82
       Chain mail        |       |       |    44 |    22 |       |       |       ||    66
       Plate armour      |       |       |       |   117 |   187 |   310 |       ||   614
       Skin              |       |       |       |     1 |       |       |       ||     1
       Crystal plate arm |       |       |       |       |       |     3 |   288 ||   291
Dodge: Dodged            |    53 |    62 |    76 |    80 |   119 |   311 |   278 ||   979
       Repelled          |       |       |       |     1 |     4 |    16 |       ||    21
Block: Buckler           |       |       |    24 |     1 |       |       |       ||    25
       Kite shield       |       |       |       |   249 |   547 |   892 |   739 ||  2427
       Reflection        |       |       |       |     4 |    53 |    55 |    80 ||   192

Table legend: (Time is in decaauts)
 A = Elapsed time spent in this place.
 B = Non-inter-level travel time spent in this place.
 C = Inter-level travel time spent in this place.
 D = Time resting spent in this place.
 E = Time spent auto-exploring this place.
 F = Levels seen in this place.
 G = Mean time per level.
                   A        B        C        D        E       F      G
               +--------+--------+--------+--------+--------+-----+--------+
         Total |  79596 |  72221 |   7375 |  38465 |  21951 |  40 | 1989.9 |
       Dungeon |  26916 |  22523 |   4393 |  10492 |   8509 |  15 | 1794.4 |
          Lair |  11392 |   9604 |   1788 |   3557 |   4349 |   6 | 1898.7 |
         Swamp |   5334 |   5177 |    157 |   2786 |   1382 |   4 | 1333.5 |
     Snake Pit |  14646 |  14063 |    583 |   9784 |   2087 |   4 | 3661.5 |
  Orcish Mines |   2538 |   2361 |    177 |   1114 |    679 |   2 | 1269.0 |
   Elven Halls |  10257 |  10062 |    195 |   6407 |   2282 |   3 | 3419.0 |
        Vaults |   7107 |   7026 |     81 |   3457 |   2434 |   4 | 1776.8 |
        Bazaar |    200 |    200 |      0 |    146 |     29 |   1 |  200.0 |
      Ice Cave |   1202 |   1202 |      0 |    719 |    199 |   1 | 1202.0 |
               +--------+--------+--------+--------+--------+-----+--------+

Top non-repeatable levels by time:
   Elf:2: 5129 daAuts
 Snake:1: 4384 daAuts
 Snake:4: 4047 daAuts
     D:7: 3442 daAuts
 Snake:2: 3279 daAuts
   Elf:3: 3223 daAuts
  Lair:5: 2955 daAuts
 Snake:3: 2934 daAuts
  Lair:6: 2734 daAuts
Vaults:3: 2552 daAuts
     D:1: 2531 daAuts
     D:8: 2415 daAuts
Vaults:1: 2232 daAuts
    D:11: 2131 daAuts
     D:5: 2091 daAuts
